 Dungeon Crawl Stone Soup version 0.14-a0-2618-g5301534 (webtiles) character file.

4316 Psiweapon the Covert (level 10, -32/63 HPs)
             Began as a Vampire Enchanter on Feb 14, 2014.
             Was a Believer of Dithmenos.
             Killed from afar by Harold (44 damage)
             ... with a bolt of fire
             ... on Level 1 of the Lair of Beasts on Feb 15, 2014.
             The game lasted 01:17:19 (9721 turns).

Psiweapon the Covert (Vampire Enchanter)            Turns: 9721, Time: 01:17:20

HP -32/63        AC  0     Str  3      XL: 10   Next:  4%
MP  16/19        EV 20     Int 18      God: Dithmenos [**....]
Gold 277         SH  0     Dex 20      Spells:  3 memorised, 10 levels left

rFire  . . .     SeeInvis +     p - melded +2 blowgun
rCold  + + .     Clarity  .     z - melded +2 elf ring mail
rNeg   + + +     Conserve .     (shield currently unavailable)
rPois  +         rCorr    .     (helmet currently unavailable)
rElec  .         rRot     +     h - melded +2 cloak
SustAb . .       Spirit   .     (gloves currently unavailable)
rMut   .         Warding  .     x - melded -1 pair of boots
Saprov . . .     Stasis   .     (no amulet)
MR     +....                    b - melded ring of protection from fire
                                C - melded ring of sustenance

@: bat-form, regenerating slowly, flying, wreathed by umbra, very quick,
somewhat resistant to hostile enchantments, extraordinarily stealthy
A: bottle blood, (fangs 0), see invisible, (unbreathing)
a: Bottle Blood, End Transformation, Shadow Step, Renounce Religion


You were on level 1 of the Lair of Beasts.
You worshipped Dithmenos.
Dithmenos was pleased with you.
You were near bloodless.
You were in vampire bat-form.
You visited 2 branches of the dungeon, and saw 10 of its levels.

You collected 277 gold pieces.

Inventory:

Hand weapons
 a - a +1,+1 dagger
 f - a +2,+2 sling of frost
 p - a +2 blowgun (melded)
 G - a +0,+0 cutlass
Missiles
 d - 12 darts (quivered)
 j - 42 poisoned needles
 r - 40 stones
 u - 5 exploding sling bullets
 F - 37 sling bullets
Armour
 h - a +2 cloak (melded)
 x - a -1 pair of boots (melded)
 z - a +2 elven ring mail (melded)
Magical devices
 w - a wand of disintegration (8)
 E - a wand of confusion (6)
 N - a wand of confusion (3)
Scrolls
 n - a scroll of amnesia {unknown}
 q - a scroll of enchant armour {unknown}
 y - a scroll of immolation {unknown}
 A - a scroll of identify
 B - a scroll of fog {unknown}
 H - 3 scrolls of teleportation {unknown}
 J - a scroll of magic mapping {unknown}
 L - a scroll of random uselessness {unknown}
Jewellery
 b - a ring of protection from fire (melded)
 C - a ring of sustenance (melded)
 K - an uncursed ring of teleport control
Potions
 i - 2 potions of flight
 l - a potion of lignification
 m - 3 potions of curing
 t - a potion of berserk rage
 v - 4 potions of blood
 D - a potion of heal wounds
Books
 c - a book of Maledictions

   Spells                             Type                      Level
   *Corona                            Hexes                        1
   Sure Blade                         Hexes/Charms                 2
   *Ensorcelled Hibernation           Hexes/Ice                    2
   *Confuse                           Hexes                        3
   Enslavement                        Hexes                        4
   Invisibility                       Hexes                        6
 s - a book of Frost

   Spells                             Type                      Level
   Freeze                             Ice                          1
   Throw Frost                        Conjuration/Ice              2
   Ozocubu's Armour                   Charms/Ice                   3
   Throw Icicle                       Conjuration/Ice              4
   Summon Ice Beast                   Ice/Summoning                4
   Condensation Shield                Ice                          4


   Skills:
 + Level 8.7 Short Blades
 - Level 2.0 Slings
 - Level 3.1 Throwing
 - Level 4.2 Armour
 - Level 2.1 Dodging
 + Level 11.8 Stealth
 + Level 3.5 Spellcasting
 + Level 7.8 Hexes
 - Level 3.2 Ice Magic


You had 10 spell levels left.
You knew the following spells:

 Your Spells              Type           Power        Failure   Level  Hunger
a - Corona                Hex            ####...      4%          1    None
b - Ensorcelled Hibernat  Hex/Ice        ###...       10%         2    ##.....
c - Confuse               Hex            ####....     8%          3    ###....


Dungeon Overview and Level Annotations

Branches:
Dungeon (9/16)             Temple (0/1) D:4            Lair (1/8) D:8
    Orc: D:9-12

Altars:
Cheibriados
Dithmenos
Elyvilon
Fedhas
Okawaru
Vehumet
Xom
Zin

Shops:
D:5 }

Annotations:
D:8 exclusion: oklob plant
Lair:1 Harold


Innate Abilities, Weirdness & Mutations

You heal slowly.
You can bottle blood from corpses.
((You have razor-sharp teeth.))*
You have supernaturally acute eyesight.
((You can survive without breathing.))*


Message History

You shoot a poisoned needle. The poisoned needle hits Harold.
Harold is moderately wounded.
Drink which item? (? for menu, Esc to quit)
You feel better.
Harold points at you and mumbles some strange words.
The bolt of fire hits you! You resist.
Your scroll of remove curse catches fire!
Your scroll labeled SHRUXI LEEC catches fire!
* * * LOW HITPOINT WARNING * * *
Use which ability? (? or * to list)
You turn into a vampire bat.
Your +2 blowgun melds into your body.
Your +2 cloak melds into your body.
Your -1 pair of boots melds into your body.
Your +2 elven ring mail melds into your body.
Your ring of sustenance melds into your body.
Your ring of protection from fire melds into your body.
Harold casts a spell at you. The bolt of fire hits you!
Ouch! That really hurt!
You die...

.......................f#
.....................###
.....................#
...................###
.............(....##
............(....##
................##
.............%..##
........b.@....##
...............#
............###
.############


You could see Harold.

Vanquished Creatures
  Nergalle (Lair:1)
  A black mamba (Lair:1)
  2 yaks (Lair:1)
  Eustachio (D:8)
  A hungry ghost (D:9)
  Edmund (D:8)
  2 ogres
  A sky beast (D:7)
  4 centaurs
  Sigmund (D:6)
  4 giant frogs
  A troll zombie (D:7)
  5 jellies
  7 crimson imps
  2 goliath beetles
  2 quasits
  A gnoll shaman (D:7)
  6 hounds
  An orange rat (D:8)
  4 scorpions
  3 iguanas
  9 worker ants
  Jessica (D:3)
  7 gnolls (D:7)
  3 green rats (D:8)
  9 adders
  An inept item mimic (D:5)
  5 worms
  A giant eyeball (D:5)
  4 grey rats (D:8)
  2 giant geckos
  An ooze (D:1)
  17 orcs
  A giant cockroach (D:3)
  14 hobgoblins
  14 jackals
  2 quokkas
  A ball python (D:4)
  8 bats
  5 giant newts
  A giant spore (D:6)
  12 goblins
  5 kobolds
  An orc zombie (D:5)
  16 rats
  5 ballistomycetes (D:6)
196 creatures vanquished.

Notes
Turn   | Place    | Note
--------------------------------------------------------------
     0 | D:1      | Psiweapon, the Vampire Enchanter, began the quest for the Orb.
     0 | D:1      | Reached XP level 1. HP: 13/13 MP: 3/3
   588 | D:1      | Reached skill level 1 in Throwing
   590 | D:1      | Reached XP level 2. HP: 7/19 MP: 1/4
  1046 | D:1      | Learned a level 2 spell: Ensorcelled Hibernation
  1535 | D:2      | Reached skill level 1 in Slings
  1535 | D:2      | Reached skill level 5 in Hexes
  1535 | D:2      | Reached XP level 3. HP: 20/24 MP: 0/6
  1698 | D:3      | Found a shadowy altar of Dithmenos.
  1714 | D:3      | Became a worshipper of Dithmenos
  1775 | D:3      | Noticed Jessica
  1782 | D:3      | Killed Jessica
  1956 | D:3      | Reached XP level 4. HP: 21/30 MP: 1/7
  2540 | D:3      | Found a snail-covered altar of Cheibriados.
  3042 | D:4      | Noticed a giant frog
  3048 | D:4      | Killed a giant frog
  3048 | D:4      | Reached skill level 6 in Hexes
  3048 | D:4      | Reached XP level 5. HP: 35/35 MP: 1/9
  3058 | D:4      | Reached skill level 5 in Stealth
  3252 | D:4      | Found a staircase to the Ecumenical Temple.
  3398 | D:4      | Reached XP level 6. HP: 41/41 MP: 7/10
  3629 | D:4      | Reached skill level 1 in Ice Magic
  3635 | D:5      | Entered Level 5 of the Dungeon
  4336 | D:5      | Found Meif's Gadget Boutique.
  4406 | D:5      | Reached XP level 7. HP: 43/46 MP: 7/12
  4716 | D:5      | Learned a level 3 spell: Confuse
  4826 | D:5      | Paralysed by a giant eyeball for 3 turns
  4833 | D:5      | Paralysed by a giant eyeball for 2 turns
  5025 | D:6      | Reached skill level 7 in Stealth
  5062 | D:6      | Noticed Sigmund
  5065 | D:6      | Killed Sigmund
  5640 | D:6      | Reached skill level 5 in Short Blades
  5640 | D:6      | Reached skill level 1 in Armour
  5640 | D:6      | Reached XP level 8. HP: 52/52 MP: 2/13
  5795 | D:6      | Reached skill level 8 in Stealth
  6062 | D:7      | Noticed a salamander
  6064 | D:7      | Found a shimmering altar of Xom.
  6069 | D:7      | Found a shimmering altar of Xom.
  6069 | D:7      | Found a shimmering altar of Xom.
  6069 | D:7      | Noticed an elf
  6075 | D:7      | Noticed a manticore
  6075 | D:7      | a salamander changed into a manticore
  6617 | D:7      | Reached skill level 9 in Stealth
  7230 | D:8      | Found a white marble altar of Elyvilon.
  7257 | D:8      | Found a blossoming altar of Fedhas.
  7264 | D:8      | Noticed an oklob plant
  7265 | D:8      | Noticed Edmund
  7333 | D:8      | Noticed Eustachio
  7359 | D:8      | Killed Eustachio
  7359 | D:8      | Reached XP level 9. HP: 30/57 MP: 6/14
  7384 | D:8      | Reached skill level 10 in Stealth
  7612 | D:8      | Killed Edmund
  7783 | D:8      | Found a staircase to the Lair.
  7981 | D:9      | Found a radiant altar of Vehumet.
  7981 | D:9      | Found an iron altar of Okawaru.
  7982 | D:9      | Found a glowing silver altar of Zin.
  8434 | Lair:1   | Entered Level 1 of the Lair of Beasts
  8434 | Lair:1   | Noticed a black mamba
  8435 | Lair:1   | Killed a black mamba
  8435 | Lair:1   | Reached skill level 11 in Stealth
  8522 | Lair:1   | Acquired Dithmenos' first power
  9142 | Lair:1   | Noticed Nergalle
  9144 | Lair:1   | Killed Nergalle
  9144 | Lair:1   | Reached XP level 10. HP: 63/63 MP: 17/19
  9202 | Lair:1   | Noticed Harold
  9721 | Lair:1   | Killed from afar by Harold

Action                   |  1- 3 |  4- 6 |  7- 9 | 10-12 || total
-------------------------+-------+-------+-------+-------++-------
Melee: Dagger            |    67 |    62 |   162 |     3 ||   294
       Short sword       |    24 |     1 |    12 |       ||    37
       Falchion          |       |       |    42 |       ||    42
       Cutlass           |       |       |    10 |       ||    10
 Fire: Blowgun           |     6 |    60 |    56 |    10 ||   132
       Sling             |       |    37 |    75 |     3 ||   115
 Cast: Corona            |    11 |     2 |     1 |       ||    14
       Ensorcelled Hiber |     9 |    31 |    79 |     6 ||   125
       Confuse           |       |       |    13 |       ||    13
 Abil: Bat Form          |       |     1 |     9 |     5 ||    15
       End Transformatio |       |     1 |     9 |     4 ||    14
       Bottle Blood      |       |     5 |    12 |       ||    17
Evoke: Wand              |       |       |    19 |     3 ||    22
  Use: Potion            |     1 |     1 |     3 |     3 ||     8
       Scroll            |       |       |     3 |     3 ||     6
 Stab: Sleeping          |     7 |    32 |    61 |     2 ||   102
       Distracted        |       |       |     1 |       ||     1
       Confused          |       |       |     2 |       ||     2
